Map: [ESL] Inside and Out

Players

GunGFuBanDa - Winner!

  • Race: Protoss Protoss
  • Spawn Location: 1:00

milkicow

  • Race: Terran Terran
  • Spawn Location: 7:00

Event: DreamHack SC2 Masters 2022 Atlanta (Online)

VOD

Have the link to the VOD?

Description

Time

  • Played on: Oct. 6, 2022, 10:40 a.m.
  • Length: 11:00

All games in this series

Show
View Real Time Build Order
Export as new Build Order

GunGFuBanDa Protoss - Winner!

Build Orders: 1 Gate Expand 

Get SALT Encoding   

  12  0:00  Probe  
  13  0:12  Probe  
  14  0:17  Pylon  
  14  0:24  Probe (Chrono Boost)  
  16  0:36  Gateway  
  16  0:37  Probe (Chrono Boost)  
  16  0:42  Probe (Chrono Boost)  
  16  0:45  Assimilator  
  17  0:52  Probe  
  18  1:04  Probe  
  19  1:16  Probe  
  20  1:23  Cybernetics Core  
  20  1:32  Nexus  
  20  1:37  Zealot (Chrono Boost)  
  22  1:46  Pylon  
  22  1:49  Probe  
  23  2:02  Stalker (Chrono Boost)  
  23  2:05  Warp Gate, Probe  
  26  2:17  Probe  
  26  2:18  Assimilator  
  26  2:22  Stalker (Chrono Boost)  
  27  2:31  Probe  
  28  2:43  Probe, Stalker (Chrono Boost)  
  29  2:49  Probe  
  32  2:55  Probe  
  33  3:05  Probe  
  34  3:08  Probe  
  35  3:14  Twilight Council  
  35  3:17  Probe (Chrono Boost)  
  36  3:25  Probe (Chrono Boost)  
  37  3:29  Probe (Chrono Boost)  
  37  3:33  Shield Battery  
  37  3:34  Probe x2 (Chrono Boost)  
  37  3:43  Probe  
  37  3:44  Probe  
  36  3:53  Stalker  
  37  3:57  Probe (Chrono Boost)  
  33  4:09  Probe (Chrono Boost)  
  34  4:10  Shield Battery  
  34  4:13  Dark Shrine  
  34  4:14  Probe (Chrono Boost)  
  33  4:17  Probe (Chrono Boost)  
  33  4:19  Stalker  
  36  4:25  Gateway  
  36  4:27  Probe  
  37  4:36  Pylon  
  37  4:42  Robotics Facility, Probe (Chrono Boost)  
  37  4:45  Probe (Chrono Boost)  
  40  4:52  Probe (Chrono Boost)  
  40  4:55  Probe (Chrono Boost)  
  40  4:56  Gateway  
  40  4:57  Probe (Chrono Boost)  
  42  5:02  Assimilator  
  42  5:04  Assimilator  
  42  5:05  Probe  
  43  5:10  Probe, Pylon  
  44  5:15  Blink (Chrono Boost)  
  44  5:17  Probe  
  44  5:27  Dark Templar x2  
  46  5:33  Probe x2  
  47  5:37  Observer (Chrono Boost)  
  48  5:45  Probe x2  
  48  5:50  Gateway  
  48  5:57  Probe x2  
  48  5:58  Dark Templar  
  52  6:09  Probe x2  
  54  6:17  Stalker  
  54  6:21  Probe x2  
  55  6:33  Probe x2  
  55  6:35  Stalker x2  
  58  6:45  Probe x2  
  56  6:51  Robotics Bay, Immortal  
  58  6:58  Probe (Chrono Boost)  
  59  7:02  Probe (Chrono Boost)  
  58  7:09  Probe (Chrono Boost)  
  58  7:10  Stalker  
  58  7:12  Probe (Chrono Boost)  
  58  7:13  Pylon  
  61  7:17  Probe  
  61  7:20  Observer  
  62  7:24  Observer  
  62  7:25  Nexus  
  62  7:26  Pylon  
  62  7:28  Pylon  
  62  7:35  Probe x2  
  64  7:41  Colossus (Chrono Boost)  
  64  7:48  Probe  
  64  7:49  Extended Thermal Lance, Probe  
  71  7:52  Forge  
  71  7:55  Sentry  
  71  7:56  Zealot  
  75  8:00  Probe  
  75  8:01  Probe  
  77  8:06  Charge (Chrono Boost)  
  77  8:16  Pylon  
  77  8:17  Sentry  
  77  8:18  Shield Battery, Colossus (Chrono Boost)  
  79  8:25  Pylon  
  79  8:26  Protoss Ground Weapons Level 1 (Chrono Boost)  
  85  8:31  Gateway  
  85  8:34  Gateway  
  85  8:43  Probe x2  
  85  8:44  Probe  
  88  8:51  Dark Templar x2  
  88  8:52  Zealot  
  88  8:55  Archon, Probe  
  95  9:06  Colossus (Chrono Boost)  
  99  9:12  Zealot  
  97  9:18  Probe  
  97  9:20  Probe  
  97  9:22  Dark Templar  
  101  9:32  Assimilator, Pylon  
  101  9:41  Zealot x5  
  109  9:53  Warp Prism, Pylon  
  109  9:54  Pylon  
  109  9:57  Dark Templar  
  113  10:05  Zealot x3  
  113  10:06  Zealot x2  
  102  10:07  Probe x2  
  101  10:27  Zealot x4  
  101  10:28  Zealot  
  102  10:42  Probe  
  96  10:53  Stalker x6  
Show
View Real Time Build Order
Export as new Build Order

milkicow Terran 

Build Orders: Banshee Rush 

Get SALT Encoding   

  12  0:00  SCV  
  13  0:12  SCV  
  14  0:17  Supply Depot  
  14  0:24  SCV  
  15  0:39  SCV, Barracks  
  16  0:45  Refinery  
  16  0:51  SCV  
  16  0:55  Refinery  
  17  1:03  SCV  
  18  1:15  SCV  
  19  1:27  Reaper, Orbital Command  
  19  1:31  Supply Depot  
  20  1:40  Bunker  
  20  1:50  Factory  
  20  1:54  SCV  
  21  2:05  Barracks Tech Lab  
  21  2:06  SCV  
  22  2:18  SCV  
  23  2:24  Concussive Shells, Marauder  
  25  2:30  SCV  
  26  2:41  Hellion, Starport  
  26  2:42  SCV  
  26  2:43  Supply Depot  
  29  2:46  Marauder  
  31  3:05  SCV, Hellion  
  34  3:07  Marauder  
  36  3:17  SCV  
  36  3:29  Hellion, Starport Tech Lab  
  37  3:41  Command Center  
  37  3:42  SCV  
  34  3:54  SCV  
  34  3:55  Marauder  
  34  3:59  Cloaking Field  
  32  4:06  SCV, Factory Tech Lab  
  32  4:07  Banshee  
  34  4:18  SCV  
  38  4:24  Siege Tank  
  39  4:38  Command Center  
  38  4:41  Supply Depot  
  38  4:42  SCV  
  39  5:03  SCV, Banshee  
  39  5:04  Siege Tank  
  46  5:13  Orbital Command  
  46  5:15  SCV  
  47  5:22  Barracks Reactor  
  47  5:27  SCV  
  48  5:30  Barracks  
  48  5:39  SCV  
  48  5:42  SCV, Barracks  
  53  5:45  Supply Depot  
  53  5:51  SCV  
  53  5:54  SCV  
  53  5:56  Orbital Command  
  53  5:57  Raven  
  53  6:03  SCV  
  51  6:04  Marine  
  51  6:05  Marine  
  51  6:06  SCV  
  45  6:15  SCV  
  46  6:18  SCV  
  43  6:28  SCV x2  
  43  6:29  Marine  
  43  6:30  SCV, Marine  
  44  6:40  SCV  
  44  6:41  SCV  
  44  6:42  SCV  
  43  6:47  Marine  
  43  6:51  Starport Reactor  
  43  6:52  SCV  
  43  6:53  SCV  
  46  6:54  SCV  
  46  6:57  Marine x2  
  46  6:59  Stimpack  
  46  7:04  SCV  
  46  7:05  Marine  
  46  7:06  SCV x2  
  50  7:16  SCV  
  50  7:17  Engineering Bay, Marine  
  50  7:18  SCV  
  50  7:19  SCV  
  54  7:23  Bunker  
  54  7:28  SCV  
  54  7:29  Marine x2  
  57  7:30  SCV  
  57  7:32  SCV  
  57  7:33  Marine  
  59  7:37  Combat Shield  
  59  7:38  Marine  
  59  7:44  Medivac  
  62  7:47  SCV, Marine  
  62  7:50  SCV  
  62  7:51  Terran Infantry Weapons Level 1  
  65  7:56  Supply Depot  
  65  7:57  Refinery, Marauder  
  66  7:58  Marine  
  66  8:00  SCV  
  66  8:01  Marine  
  66  8:04  Supply Depot  
  69  8:06  Factory Reactor  
  69  8:07  SCV  
  69  8:08  Marine  
  71  8:16  Barracks  
  71  8:18  Barracks, Marine  
  71  8:19  SCV  
  73  8:20  SCV  
  73  8:25  Refinery, Missile Turret  
  73  8:26  Marine  
  75  8:31  Missile Turret, Medivac  
  75  8:33  Missile Turret  
  77  8:35  Medivac, Marine  
  77  8:36  SCV  
  77  8:37  Marine  
  77  8:39  Marine  
  83  8:43  Widow Mine  
  83  8:44  Marine  
  83  8:45  SCV, Orbital Command  
  83  8:46  Supply Depot  
  83  8:48  SCV  
  88  8:53  Marine  
  88  8:55  Marine  
  89  8:57  SCV, Marauder  
  89  9:02  Marine  
  92  9:08  SCV, Widow Mine  
  95  9:10  Missile Turret  
  95  9:11  Supply Depot, Barracks Reactor, Marauder  
  95  9:12  Barracks Tech Lab  
  95  9:13  SCV, Marine  
  96  9:21  Marauder  
  96  9:22  SCV  
  96  9:23  SCV  
  99  9:25  Widow Mine  
  99  9:31  Supply Depot  
  101  9:32  SCV, Medivac  
  101  9:33  Supply Depot  
  101  9:37  Ghost Academy, SCV  
  104  9:42  SCV  
  104  9:45  SCV  
  102  9:46  Marauder  
  102  9:49  SCV  
  105  9:54  SCV  
  105  9:57  SCV  
  107  10:01  SCV  
  107  10:06  SCV  
  104  10:09  SCV  
  104  10:10  Marauder, Marine  
  104  10:11  Widow Mine x2  
  104  10:12  Ghost x2  
  104  10:13  SCV  
  113  10:18  SCV  
  113  10:19  Bunker  
  113  10:21  Supply Depot, SCV  
  115  10:25  SCV  
  115  10:26  Marine  
  108  10:32  Marauder  
  108  10:33  SCV  
  108  10:38  SCV  
  108  10:40  Marine  
  77  10:45  SCV  
Tags
 
Add a new tag
Caveats
  • Supply blocks, unpowered buildings, or Contaminate may cause inaccurate times.
  • Supply counts are checked every 10 seconds.